AoeStats
← TheAxSkirm

Pilgrims

509168078Analyzed
4v4 RM · 7d ago on Sep 25, 2026· 48m 40s· 8 players
Game mode
Random Map
Map size
Large (8 player)
Population
200
Speed
Normal
Resources
Standard
Victory
Conquest
Starting age
Dark Age
Ending age
Imperial Age
RankedLock teamsTeams togetherTeam positionsShared explorationLock speedFull tech treeHidden civsTurbo modeCheats
Victory
Defeat
🇲🇲 Italians · Myanmar (Burma)
1239
+13
🇹🇼 Sicilians · Taiwan
1183
+15
🇹🇷 Koreans · Türkiye
1179
+15
🇲🇲 Huns · Myanmar (Burma)
1138
+18
🇸🇪 Danes · Sweden
1189
-16
🇩🇰 Spanish · Denmark
1180
-16
🇸🇪 Persians · Sweden
1163
-15
🇨🇳 Varangians · China
1135
-14
只會5TC
5:41 Loom
10:52 Feudal Age
12:35 Fletching
13:19 Double-Bit Axe
15:43 Town Watch
18:18 Castle Age
17:40 Stone Mining
19:32 Bodkin Arrow
20:51 Town Watch
22:18 Bow Saw
30:49 Wheelbarrow
32:19 Stone Shaft Mining
33:00 Horse Collar
40:00 Imperial Age
40:16 Imperial Age
38:32 Hand Cart
40:00 Town Patrol
41:39 Elite Serjeant
42:55 Bracer
43:07 Forging
42:57 Scale Mail Armor
44:03 First Crusade
44:08 Scale Mail Armor
44:06 Pikeman
46:25 Chain Mail Armor
46:46 Iron Casting
46:50 Conscription
47:26 Iron Casting
itsDuDu
8:59 Loom
12:07 Feudal Age
13:52 Wheelbarrow
13:31 Double-Bit Axe
18:05 Castle Age
17:40 Stone Mining
17:42 Gold Mining
47:37 Marauders
48:07 Horse Collar
49:02 Heavy Plow
ABCD
9:58 Loom
12:52 Feudal Age
13:28 Double-Bit Axe
14:26 Fishing Lines
20:46 Castle Age
19:00 Gold Mining
19:42 Horse Collar
21:48 Wheelbarrow
22:33 Crossbowman
23:19 Thumb Ring
25:26 Bow Saw
27:31 Heavy Plow
28:31 Fletching
30:15 Stone Mining
33:31 Hand Cart
35:06 Gold Shaft Mining
34:38 Bodkin Arrow
39:52 Imperial Age
41:51 Chemistry
41:12 Ballistics
41:56 Chemistry
42:50 Arbalester
45:04 Bracer
45:16 Forging
45:07 Scale Mail Armor
45:47 Conscription
48:10 Iron Casting
47:51 Chain Mail Armor
48:41 Two-Man Saw
48:18 Stone Shaft Mining
48:10 Pikeman
48:51 Squires
48:17 Elite Fire Lancer
Oo_Lay_Gyi
12:25 Feudal Age
12:55 Double-Bit Axe
18:35 Castle Age
20:14 Bow Saw
19:48 Fishing Lines
20:12 Gold Mining
25:04 Fletching
27:15 Loom
29:11 Wheelbarrow
32:02 Horse Collar
35:22 Imperial Age
33:18 Stone Mining
34:28 Bodkin Arrow
34:34 Padded Archer Armor
34:56 Ballistics
34:48 Masonry
35:18 Treadmill Crane
36:29 Conscription
36:13 Bracer
36:28 Leather Archer Armor
37:19 Chemistry
36:31 Husbandry
36:41 Bloodlines
35:52 Light Cavalry
37:20 Murder Holes
37:56 Architecture
38:43 Scale Barding Armor
39:09 Ring Archer Armor
38:50 Forging
38:47 Scale Barding Armor
39:17 Hussar
41:39 Iron Casting
43:17 Elite Genoese Crossbowman
44:08 Guard Tower
44:04 Arrowslits
44:30 Fortified Wall
46:57 Blast Furnace
46:17 Chain Barding Armor
46:58 Heavy Plow
47:35 Stone Shaft Mining
49:25 Silk Road
49:41 Plate Barding Armor
Murkeldjuret. ®
6:36 Loom
10:55 Feudal Age
15:46 Castle Age
13:56 Fletching
14:26 Double-Bit Axe
16:29 Gold Mining
19:16 Bodkin Arrow
27:42 Arson
27:58 Squires
29:16 Scale Mail Armor
34:49 Ballistics
35:18 Careening
35:19 Clinker Construction
37:39 Bow Saw
39:22 Fishing Lines
42:26 Imperial Age
40:42 Wheelbarrow
42:12 Hand Cart
42:17 Padded Archer Armor
43:55 Bracer
44:25 Elite Skirmisher
45:13 Thumb Ring
Murmeldjuret. ®
6:21 Loom
12:23 Feudal Age
17:45 Fletching
21:05 Castle Age
23:43 Bodkin Arrow
34:21 Forging
34:17 Scale Barding Armor
37:12 Horse Collar
38:14 Bloodlines
38:05 Husbandry
38:26 Chain Barding Armor
39:50 Medium Warships
41:14 Iron Casting
44:30 Imperial Age
42:45 Iron Casting
44:07 Wheelbarrow
43:18 Town Watch
46:40 Cavalier
TheAxSkirm
8:21 Loom
9:20 Loom
11:06 Feudal Age
14:48 Fletching
18:44 Castle Age
18:16 Bloodlines
42:00 Wheelbarrow
42:57 Double-Bit Axe
43:48 Light Cavalry
梁志超他奶
10:26 Feudal Age
10:57 Double-Bit Axe
17:34 Castle Age
15:40 Horse Collar
16:55 Stone Mining
19:06 Bow Saw
19:51 Loom
21:30 Heavy Plow
21:25 Gold Mining
23:17 Stone Shaft Mining
36:37 Scale Barding Armor
42:59 Imperial Age
42:54 Treadmill Crane
44:08 Conscription
Connection lost

Rejoining the realm…

Still unreachable

The connection could not be restored.

Session expired

The server has moved on; the page needs a fresh start.